 Dungeon Crawl Stone Soup version 0.26.0-45-g9c1d065592 (webtiles) character file.

Game seed: 15693121044011535429

104 promet the Digger (level 4, -6/36 HPs)
             Began as a Draconian Earth Elementalist on Jan 30, 2021.
             Mangled by Terence
             ... wielding a +1 morningstar of protection
              (12 damage)
             ... on level 3 of the Dungeon.
             The game lasted 00:25:22 (2651 turns).

promet the Digger (Draconian Earth Elementalist)    Turns: 2651, Time: 00:25:23

Health: -6/36      AC:  5    Str: 10    XL:     4   Next: 52%
Magic:  1/8        EV: 12    Int: 16    God:
Gold:   187        SH:  0    Dex: 12    Spells: 5/8 levels left

rFire    . . .     SeeInvis .   a - +0 dagger
rCold    + . .     Faith    .   (no shield)
rNeg     . . .     Spirit   .   (armour unavailable)
rPois    .         Reflect  .   (helmet restricted)
rElec    .         Harm     .   (no cloak)
rCorr    .         Rampage  .   (no gloves)
Will     .....                  (no boots)
Stlth    ++........             (no amulet)
HPRegen  0.12/turn              j - ring of protection from cold
MPRegen  0.11/turn              (no ring)

@: no status effects
A: unfitting armour, cold-blooded, AC +5
a: no special abilities


You were on level 3 of the Dungeon.
You visited 1 branch of the dungeon, and saw 3 of its levels.

You collected 187 gold pieces.

Inventory:

Hand Weapons
 a - a +0 dagger (weapon)
 b - a +1 hunting sling of flaming
 m - a +0 flail
Missiles
 c - 24 bolts
 d - 53 arrows
 e - 64 stones
Jewellery
 j - a ring of protection from cold (left hand)
Scrolls
 g - a scroll of blinking
 h - a scroll of enchant armour
 n - 2 scrolls of random uselessness {unknown}
Potions
 i - a potion of heal wounds {unknown}
 k - a potion of degeneration {unknown}


   Skills:
 * Level 1.7 Fighting
 + Level 1.2 Short Blades
 + Level 0.8 Slings
 + Level 2.1 Dodging
 + Level 1.9 Stealth
 + Level 2.6 Spellcasting
 + Level 1.0 Transmutations
 + Level 3.7 Earth Magic


You had 5 spell levels left.
You knew the following spells:

 Your Spells              Type           Power        Failure   Level
a - Sandblast             Erth           28%          4%          1
b - Passwall              Tmut/Erth      7%           11%         2

Your spell library contained the following spells:

 Spells                   Type           Power        Failure   Level
 Stone Arrow              Conj/Erth      16%          26%         3
 Petrify                  Tmut/Erth      9%           58%         4
 Lee's Rapid Deconstruct  Erth           7%           75%         5


Dungeon Overview and Level Annotations

Branches:
Dungeon (3/15)

Altars:

Annotations:
D:2 Sigmund
D:3 Terence


Innate Abilities, Weirdness & Mutations

Your plain brown scales are hard. (AC +5)
You cannot fit into any form of body armour.
You are cold-blooded and may be slowed by cold attacks.


Message History

You hit Terence but do no damage.
Terence is heavily wounded.
Terence closely misses you.
You hit Terence but do no damage.
Terence is heavily wounded.
Terence barely misses you.
You hit Terence but do no damage.
You tail-slap Terence, but do no damage.
Terence is heavily wounded.
You barely miss Terence.
Terence is heavily wounded.
Terence closely misses you.
You hit Terence but do no damage.
Terence is heavily wounded.
Terence misses you.
You barely miss Terence.
You tail-slap Terence, but do no damage.
Terence is heavily wounded.
Terence hits you with a +1 morningstar of protection!
You die...

#.# ###...####.# #..# ###.###
#...###... #..# .)....#
#.@....... #..# ###.#.#
##.####...# #..# #.#.# #(# ##.##
# #..# #.#.#######(##
#.###.#####..#
#>#÷........÷####............#
###.#..######..@.....##.#####..#
r@l.#..# #....@#...##.# #.##
#####..#####.###........# #.#
#........# #[.......# #.#
##.#####.###.......## #.# ....
#....<#...### #.# ###..#
###.###...# #.# #... ...# ##.##
#.# #....#....# #.# #.#
.b..#.#...# #.# #.#


You could see Terence.

Vanquished Creatures
  Robin (D:2)
  An adder (D:3)
  A worm (D:3)
  3 dart slugs
  3 leopard geckos
  2 orcs (D:3)
  5 bats
  2 giant cockroaches (D:1)
  17 goblins
  10 hobgoblins
  3 jackals
  7 kobolds
  A quokka (D:2)
  2 frilled lizards (D:1)
  5 rats
63 creatures vanquished.

Vanquished Creatures (others)
  5 plants (D:3)
5 creatures vanquished.

Grand Total: 68 creatures vanquished

Notes
Turn   | Place    | Note
-------+----------+-------------------------------------------
     0 | D:1      | promet the Draconian Earth Elementalist began the quest for
                  | the Orb.
     0 | D:1      | Reached XP level 1. HP: 14/14 MP: 3/3
   224 | D:1      | Reached XP level 2. HP: 22/22 MP: 3/5
   267 | D:1      | Learned a level 2 spell: Passwall
   618 | D:1      | Reached skill level 1 in Fighting
  1172 | D:1      | Reached XP level 3. HP: 24/28 MP: 6/6
  1355 | D:2      | Noticed Robin
  1561 | D:2      | Killed Robin
  1562 | D:2      | Reached skill level 1 in Short Blades
  1817 | D:2      | Noticed Sigmund
  1829 | D:2      | HP: 1/28 [something (7)]
  1847 | D:3      | Reached XP level 4. HP: 3/35 MP: 4/7
  2203 | D:3      | Noticed Terence
  2651 | D:3      | Mangled by Terence

Illustrated notes

Levels and vault maps discovered:
D:1:      sevenhm_arrival_forest_fort_large_3, layout_loops_corners
D:2:      layout_loops_ring, uniq_sigmund, uniq_robin
D:3:      layout_loops_ring, chequers_ecumenical_altar_simple_redux,
          gammafunk_ghost_gnarly_gnolls, uniq_terence, uniq_crazy_yiuf_cottage,
          uniq_grinder

Skill      XL: |  1  2  3 |
---------------+----------+-----
Fighting       | 1 |  1.7
Dodging        | 2 |  2.1
Short Blades   | 1 |  1.2
Slings         | |  0.8
Stealth        | |  1.9
Spellcasting   | |  2.6
Transmutations | |  1.0
Earth Magic    | |  3.7

Action                   |  1- 3 |  4- 6 || total
-------------------------+-------+-------++-------
Melee: Dagger            |    62 |    27 ||    89
       Tailslap          |     8 |     6 ||    14
       Unarmed           |     2 |       ||     2
 Fire: Hunting sling     |    37 |    31 ||    68
 Cast: Sandblast         |    31 |    16 ||    47
       Passwall          |     2 |     1 ||     3
  Use: Scroll            |     4 |       ||     4
       Potion            |     1 |     2 ||     3
 Stab: Sleeping          |     5 |     1 ||     6
Armor: Skin              |    25 |     9 ||    34
Dodge: Dodged            |    65 |    31 ||    96
